 Dungeon Crawl Stone Soup version 0.28.0-53-g5a82cb258f (webtiles) character file.

Game seed: 6797387189187296021

119 Nyth the Twirler (level 5, -5/31 HPs)
             Began as a Gargoyle Gladiator on Aug 12, 2022.
             Was a Believer of Trog.
             Slain by an orc
             ... wielding a +0 mace
              (6 damage)
             ... on level 2 of the Dungeon.
             The game lasted 00:05:16 (1670 turns).

Nyth the Twirler (Gargoyle Gladiator)               Turns: 1670, Time: 00:05:17

Health: -5/31      AC:  8    Str: 19    XL:     5   Next: 3%
Magic:  5/5        EV: 12    Int:  9    God:    Trog [**....]
Gold:   79         SH:  0    Dex: 11    Spells: 4/4 levels left

rFire   . . .      SeeInvis .   a - +0 quarterstaff
rCold   . . .      Faith    .   (shield currently unavailable)
rNeg    + . .      Spirit   .   b - +0 leather armour
rPois   ∞          Reflect  .   c - +0 helmet
rElec   +          Harm     .   (no cloak)
rCorr   .          Rampage  .   (no gloves)
Will    .....                   (no boots)
Stlth   +.........              (no amulet)
HPRegen 0.10/turn               (no ring)
MPRegen 0.09/turn               (no ring)

@: confused, on berserk cooldown, slowed, very slow
A: sickness immunity, AC +4, negative energy resistance 1, electricity
resistance, torment resistance 1, petrification resistance
a: Renounce Religion, Berserk, Trog's Hand


You were on level 2 of the Dungeon.
You worshipped Trog.
Trog was pleased with you.
You visited 1 branch of the dungeon, and saw 2 of its levels.

You collected 79 gold pieces.

Inventory:

Hand Weapons
 a - a +0 quarterstaff (weapon)
 f - a +0 quarterstaff
 j - a +0 hunting sling
Missiles
 d - 2 throwing nets (quivered)
 k - 4 poisoned darts
Armour
 b - a +0 leather armour (worn)
 c - a +0 helmet (worn)
 l - a +0 robe
Scrolls
 h - a scroll of teleportation {unknown}
Potions
 e - a potion of degeneration {unknown}
 g - a potion of attraction {unknown}
 i - a potion of curing {unknown}


   Skills:
 + Level 2.7 Fighting
 * Level 4.9 Staves
 + Level 1.8 Throwing
 + Level 0.8 Armour
 + Level 2.8 Dodging


You had 4 spell levels left.
You didn't know any spells.
Your spell library contained the following spells:

 Spells                   Type           Power      Damage    Failure   Level
 Dazzling Flash           Conj/Hex       0%         N/A       82%         3
 Iskenderun's Mystic Bla  Conj/Tloc      0%         2d3       99%         4
 Starburst                Conj/Fire      0%         6d3       100%        6


Dungeon Overview and Level Annotations

Branches:
Dungeon (2/15)

Altars:
Trog


Innate Abilities, Weirdness & Mutations

You are immune to sickness and miasma.
Your stone body is resilient. (AC +4)
You are immune to poison.
You resist negative energy. (rN+)
You are resistant to electric shocks. (rElec)
You are resistant to unholy torment.
You are immune to petrification.


Message History

Trog accepts your kill.
The orc priest casts a cantrip, but nothing happens.
The orc priest closely misses you.
You see here a giant cockroach corpse.
You sock the orc priest!
The orc priest is severely wounded.
An orc comes into view. It is wielding a +0 mace.
The orc wizard mumbles some strange words.
The orc wizard flickers and vanishes!
Deactivating autopickup; reactivate with Ctrl-A.
The orc shouts!
You sock the orc priest!
You kill the orc priest!
Trog accepts your kill.
You have reached level 5!
You closely miss the orc. You hit the orc.
The orc is almost dead.
You are no longer berserk.
You are exhausted.
You feel yourself slow down. The orc completely misses you.
You hit the orc.
You kill the orc!
Trog accepts your kill.
You hear some strange, mumbled words.
A puff of flame appears from out of thin air!
The puff of flame misses you. Something hits you but does no damage.
The orc closely misses you.
Things that are here:
a +0 war axe; a +0 leather armour; a +0 hand axe You barely miss the orc.
Something hits you but does no damage. The orc barely misses you.
You hear some strange, mumbled words.
You are confused.
The orc hits you but does no damage.
You closely miss the orc. Something hits you but does no damage.
The orc barely misses you. Something hits you.
* * * LOW HITPOINT WARNING * * *
The orc hits you with a +0 mace.
You die...

.####.##.# ### ......##.##
..? #######...# #.# #...#
#.# ##. #...# ##.# ...
#...# ###.## #..
######...####....###.#
##.............###.#.# .
..............(†@o.)##....
##.....÷÷......##{...>..#
####..<....##......##..#
#.#...#.#####..... ... #
#.......# #..#.#..## #
#.#...#.# #..#.# .# #
#.#...#.## #..... #
#####........# ####...
......#####†.# .##


You could see an orc.

Vanquished Creatures
  An orc priest (D:2)
  Natasha (D:2)
  An adder (D:2)
  2 dart slugs (D:1)
  3 orcs (D:2)
  5 ball pythons (D:1)
  An endoplasm (D:1)
  3 giant cockroaches (D:2)
  2 goblins (D:1)
  2 hobgoblins
  9 jackals
  7 bats
  3 frilled lizards
  4 kobolds
  4 rats
48 creatures vanquished.

Notes
Turn   | Place    | Note
-------+----------+-------------------------------------------
     0 | D:1      | Nyth the Gargoyle Gladiator began the quest for the Orb.
     0 | D:1      | Reached XP level 1. HP: 12/12 MP: 1/1
    36 | D:1      | Reached XP level 2. HP: 14/17 MP: 2/2
   710 | D:1      | Found a faded altar of an unknown god.
   738 | D:1      | Prayed at the altar of an unknown god.
   738 | D:1      | Became a worshipper of Trog the Wrathful
   738 | D:1      | Reached * piety under Trog
   751 | D:1      | Reached XP level 3. HP: 22/22 MP: 3/3
   895 | D:1      | You fall into a shaft and drop 1 floor!
  1401 | D:2      | Noticed Natasha
  1410 | D:2      | Killed Natasha
  1410 | D:2      | Reached ** piety under Trog
  1411 | D:2      | Reached skill level 4 in Staves
  1411 | D:2      | Reached XP level 4. HP: 23/27 MP: 4/4
  1665 | D:2      | Reached XP level 5. HP: 6/31 MP: 5/5
  1670 | D:2      | HP: 1/31 [something (3)]
  1670 | D:2      | Slain by an orc

Illustrated notes

Levels and vault maps discovered:
D:1:      amcnicky_arrival_blooded_trapdoor, layout_rooms,
          nicolae_ecumenical_snake_handling, minmay_misc_feat_doors,
          chequers_serial_rivers_large_a
D:2:      layout_loops_cross, kennysheep_boxes, uniq_natasha

Skill      XL: |  1  2  3 |
---------------+----------+-----
Staves         | 4 |  4.9
Fighting       | |  2.7
Throwing       | |  1.8
Armour         | |  0.8
Dodging        | |  2.8

Action                   |  1- 3 |  4- 6 || total
-------------------------+-------+-------++-------
Melee: Quarterstaff      |   115 |    24 ||   139
Throw: Throwing net      |     1 |       ||     1
Invok: Berserk           |     1 |     1 ||     2
Armor: Leather armour    |    61 |    12 ||    73
Dodge: Dodged            |    80 |    20 ||   100
